 Dungeon Crawl Stone Soup version 0.28.0-45-g0d030f2227 (webtiles) character file.

Game seed: 9713208581645940517

2031 Icepheonix32 the Covered (level 9, 0/68 HPs)
             Began as a Demonspawn Fighter on Apr 9, 2022.
             Killed by divine providence
             ... invoked by an orc priest
              (14 damage)
             ... on level 6 of the Dungeon.
             The game lasted 00:14:37 (8942 turns).

Icepheonix32 the Covered (Demonspawn Fighter)       Turns: 8942, Time: 00:14:38

Health: 0/68       AC: 14    Str: 18 (21) XL:     9   Next: 3%
Magic:  24/24      EV: 10    Int: 14 (15) God:
Gold:   245        SH:  4    Dex: 11 (13) Spells: 16/16 levels left

rFire   + . .      SeeInvis .   a - +1 long sword
rCold   + . .      Faith    .   c - +0 buckler
rNeg    . . .      Spirit   .   b - +0 scale mail
rPois   +          Reflect  .   (helmet restricted)
rElec   +          Harm     .   q - +2 cloak "Juifuutoa" {MP+9}
rCorr   +          Rampage  .   f - +0 pair of gloves
Will    .....                   (no boots)
Stlth   ..........              (no amulet)
HPRegen 0.21/turn               i - +6 ring of intelligence
MPRegen 0.19/turn               (no ring)

@: resistant
A: antennae 2, molten scales 1, demonic magic 1
a: no special abilities


You were on level 6 of the Dungeon.
You visited 2 branches of the dungeon, and saw 7 of its levels.

You collected 245 gold pieces.

Inventory:

Hand Weapons
 a - a +1 long sword (weapon)
Missiles
 d - 5 atropa-tipped darts
 e - 13 poisoned darts (quivered)
 g - 48 sling bullets
Armour
 b - a +0 scale mail (worn)
 c - a +0 buckler (worn)
 f - a +0 pair of gloves (worn)
 m - the +1 leather armour of Fashionability {rF++ Will+ Str-5 Stlth+}
   (You found it on level 6 of the Dungeon)

   Str:       It affects your strength (-5).
   rF:        It greatly protects you from fire.
   Will:      It increases your willpower.
   Stlth:     It makes you more stealthy.
 q - the +2 cloak "Juifuutoa" (worn) {MP+9}
   (You found it on level 6 of the Dungeon)

   MP:        It affects your magic capacity (+9).
Jewellery
 i - a +6 ring of intelligence (left hand)
Wands
 l - a wand of flame (6)
 r - a wand of polymorph (10)
Scrolls
 h - 2 scrolls of teleportation
 j - 2 scrolls of vulnerability
 o - 2 scrolls of enchant weapon
 p - 3 scrolls of fog {unknown}
 u - 2 scrolls of enchant armour {unknown}
 v - a scroll of torment {unknown}
 w - 3 scrolls of identify
Potions
 k - a potion of brilliance


   Skills:
 + Level 5.5 Fighting
 - Level 3.3 Long Blades
 + Level 1.5 Throwing
 + Level 6.6 Armour
 + Level 3.7 Dodging
 + Level 1.0 Stealth
 + Level 4.1 Shields
 * Level 4.3 Spellcasting
 + Level 0.1 Evocations


You had 16 spell levels left.
You didn't know any spells.
Your spell library contained the following spells:

 Spells                   Type           Power      Damage    Failure   Level
 Apportation              Tloc           6%         N/A       56%         1
 Blink                    Tloc           6%         N/A       71%         2
 Lesser Beckoning         Tloc           3%         N/A       91%         3
 Alistair's Intoxication  Tmut/Pois      2%         N/A       100%        5
 Manifold Assault         Tloc           3%         N/A       100%        5


Dungeon Overview and Level Annotations

Branches:
Dungeon (6/15)             Temple (1/1) D:6

Altars:
Ashenzari
Cheibriados
Dithmenos
Elyvilon
Fedhas
Gozag
Hepliaklqana
Kikubaaqudgha
Makhleb
Nemelex Xobeh
Okawaru
Qazlal
Ru
Sif Muna
Trog
Uskayaw
Vehumet
Wu Jian
Xom
Yredelemnul
Zin
The Shining One


Innate Abilities, Weirdness & Mutations

You have a pair of antennae on your head.
You are partially covered in molten scales. (AC +2)
Spells you cast may paralyse adjacent enemies.


Message History

The orc warrior hits you with a +0 halberd.
There is an open door here.
Things that are here:
a +0 club; an orc corpse You barely miss the orc warrior.
The orc closely misses you. The orc warrior misses you.
The orc closely misses you.
You hit the orc warrior.
The orc warrior is moderately wounded.
The orc warrior closely misses you. The orc hits you but does no damage.
The orc priest hits you but does no damage.
You closely miss the orc warrior.
The orc warrior is lightly wounded.
The orc warrior closely misses you. The orc hits you with a +0 short sword.
The orc priest invokes the aid of Beogh against you.
Beogh smites you!
You closely miss the orc warrior.
The orc warrior is lightly wounded.
The orc warrior hits you with a +0 halberd!
The orc closely misses you.
The orc priest calls upon Beogh to heal the orc warrior.
The orc warrior's wounds heal themselves!
The orc warrior hits you with a +0 halberd.
The orc warrior hits you from afar with a +0 halberd!
* * * LOW HITPOINT WARNING * * *
You feel better. The orc hits you but does no damage.
The orc priest hits you but does no damage.
You block the orc warrior's attack.
The orc priest calls down the wrath of Beogh upon you.
Beogh smites you!
* * * LOW HITPOINT WARNING * * *
There is an open door here.
The orc hits you but does no damage.
You feel protected. The orc hits you but does no damage.
You are too injured to fight recklessly!
You slash the orc!
You kill the orc!
The orc priest calls down the wrath of Beogh upon you.
Beogh smites you!
You die...

########.........)..
#........##'##......
#........#...#......
#........#...+......
#........#...#...... ###
###........#...#......
.###..##.###......#...#......
.......#...#......#...#######
.......)...#@.....#.........#
.......#.oo)......#.........#
......######......#.........#
.##...#...........#...##....#
### #...........#...##....#
#...........#...##.....
#...........#..........
#...........#..........
#...........#.........#


You could see an orc warrior and an orc priest.

Vanquished Creatures
  A kobold demonologist (D:5)
  Sigmund (D:6)
  Menkaure (D:6)
  3 ogres
  A centaur (D:4)
  A phantom (D:5)
  A scorpion (D:6)
  2 bullfrogs
  A water moccasin skeleton (D:5)
  A howler monkey (D:5)
  A crimson imp (D:6)
  A bullfrog zombie (D:5)
  A hound (D:5)
  2 jellies (D:5)
  3 bullfrog skeletons
  A gnoll shaman (D:6)
  An orc priest (D:4)
  A centaur skeleton (D:4)
  4 iguanas
  An iron imp (D:3)
  3 orc wizards (D:4)
  A scorpion zombie (D:5)
  Natasha (twice) (D:3)
  Robin (D:2)
  5 gnolls (D:6)
  5 adders
  An adder skeleton (D:5)
  2 worms (D:2)
  2 dart slugs
  12 orcs
  11 ball pythons
  5 bats
  6 endoplasms
  3 giant cockroaches
  13 goblins
  9 hobgoblins
  3 jackals (D:5)
  4 quokkas
  3 frilled lizards
  4 kobolds
  23 rats
147 creatures vanquished.

Vanquished Creatures (others)
  A plant (D:4)
1 creature vanquished.

Grand Total: 148 creatures vanquished

Notes
Turn   | Place    | Note
-------+----------+-------------------------------------------
     0 | D:1      | Icepheonix32 the Demonspawn Fighter began the quest for the
                  | Orb.
     0 | D:1      | Reached XP level 1. HP: 18/18 MP: 1/1
   266 | D:1      | Gained mutation: You have a pair of small antennae on your
                  | head. [demonic ancestry]
   266 | D:1      | Reached XP level 2. HP: 24/24 MP: 2/2
   702 | D:1      | Found a faded altar of an unknown god.
   795 | D:1      | Reached skill level 3 in Armour
  1138 | D:2      | Noticed Robin
  1141 | D:2      | Reached XP level 3. HP: 29/29 MP: 3/3
  1553 | D:2      | Killed Robin
  1919 | D:2      | Reached XP level 4. HP: 34/35 MP: 4/4
  1996 | D:2      | You fall into a shaft and drop 2 floors!
  2031 | D:4      | Found an ancient bone altar of Kikubaaqudgha.
  2085 | D:3      | Identified the +1 helmet of Idealism {rElec Regen+}
  2243 | D:3      | Noticed a bullfrog
  2253 | D:3      | Killed a bullfrog
  2254 | D:3      | Reached skill level 1 in Dodging
  2371 | D:3      | Gained mutation: Spells you cast may paralyse adjacent
                  | enemies. [demonic ancestry]
  2371 | D:3      | Reached XP level 5. HP: 41/41 MP: 5/5
  2438 | D:3      | Found a snail-covered altar of Cheibriados.
  2650 | D:3      | Noticed Natasha
  2670 | D:3      | Killed Natasha
  2892 | D:3      | Noticed Natasha
  2903 | D:3      | Killed Natasha
  2904 | D:3      | Reached skill level 1 in Spellcasting
  3513 | D:2      | Found a hide-covered altar of Uskayaw.
  4162 | D:4      | Noticed a centaur
  4170 | D:4      | Killed a centaur
  4171 | D:4      | Reached skill level 4 in Armour
  4171 | D:4      | Gained mutation: You are partially covered in molten
                  | scales. (AC +2) [demonic ancestry]
  4171 | D:4      | Reached XP level 6. HP: 26/48 MP: 8/8
  4312 | D:4      | Found an iron altar of Okawaru.
  4583 | D:4      | Found a hazy altar of Hepliaklqana.
  5050 | D:4      | HP: 1/48 [ogre/+0 giant spiked club (22)]
  5053 | D:4      | Gained mutation: You have a pair of antennae on your head.
                  | [demonic ancestry]
  5053 | D:4      | Reached XP level 7. HP: 2/54 MP: 10/10
  5647 | D:4      | Reached skill level 5 in Armour
  5828 | D:5      | Entered Level 5 of the Dungeon
  6386 | D:5      | Noticed a kobold demonologist
  6392 | D:5      | Noticed a sun demon
  6392 | D:5      | Killed a kobold demonologist
  6393 | D:5      | Reached XP level 8. HP: 56/61 MP: 12/12
  6760 | D:5      | Reached skill level 5 in Fighting
  6873 | D:5      | Found a radiant altar of Vehumet.
  6914 | D:5      | Found a shadowy altar of Dithmenos.
  6931 | D:5      | Reached skill level 6 in Armour
  7349 | D:6      | Identified the +1 leather armour of Fashionability {rF++
                  | Will+ Str-5 Stlth+}
  7364 | D:6      | Noticed Sigmund
  7595 | D:6      | Killed Sigmund
  7596 | D:6      | Reached skill level 1 in Throwing
  7632 | D:6      | Found a staircase to the Ecumenical Temple.
  7641 | D:6      | Identified the +2 cloak "Juifuutoa" {MP+9}
  7667 | Temple   | Entered the Ecumenical Temple
  8141 | D:6      | Noticed Menkaure
  8151 | D:6      | Killed Menkaure
  8428 | D:6      | Reached skill level 1 in Stealth
  8590 | D:6      | Noticed Grinder
  8602 | D:6      | Noticed Grinder
  8602 | D:6      | Grinder changed into Grinder the crimson imp
  8642 | D:6      | Killed Grinder the crimson imp
  8684 | D:6      | Reached XP level 9. HP: 19/68 MP: 15/15
  8942 | D:6      | Killed from afar by an orc priest

Illustrated notes

Levels and vault maps discovered:
D:1:      minmay_arrival_stone_box, layout_loops_ring,
          ebering_ecumenical_altar_abandoned
D:2:      layout_basic, basic_altar, uniq_robin
D:3:      layout_basic, slow_altar_1, minmay_surrounded, uniq_natasha
D:4:      layout_loops_ring, mainiacjoe_overflow_cross_hatched,
          nzn_hepliaklqana_mist_gate, nicolae_overflow_hidden_temple,
          serial_bayou_pond_d, minmay_rat_hole
D:5:      layout_loops_corners, nicolae_vehumet_altar_sigil,
          grunt_dithmenos_shadows, sigmund_army
D:6:      layout_gridville, minmay_temple_entry_statues_fountains, uniq_grinder,
          uniq_sigmund, uniq_menkaure
Temple:   eino_temple_rhombus

Skill      XL: |  1  2  3  4  5  6  7  8 |
---------------+-------------------------+-----
Long Blades    | 2 3 |  3.3
Armour         | 3 4 5 6 |  6.6
Shields        | 3 4 |  4.1
Dodging        | 1 2 3 |  3.7
Spellcasting   | 1 2 3 4 |  4.3
Fighting       | 4 5 |  5.5
Throwing       | 1 |  1.5
Stealth        | 1 |  1.0
Evocations     | |  0.1

Action                   |  1- 3 |  4- 6 |  7- 9 || total
-------------------------+-------+-------+-------++-------
Melee: Long sword        |   156 |   197 |   285 ||   638
Throw: Dart              |       |     5 |    22 ||    27
Evoke: Wand              |       |       |     4 ||     4
  Use: Scroll            |       |     3 |     5 ||     8
       Potion            |       |     1 |     8 ||     9
Armor: Scale mail        |   112 |    86 |   154 ||   352
       Leather armour    |       |       |    11 ||    11
Dodge: Dodged            |    94 |    91 |   135 ||   320
Block: Buckler           |    42 |    50 |    66 ||   158
